 Dungeon Crawl Stone Soup version 0.30.1-11-g7821555f0a (webtiles) character file.

Game seed: 11556663197811445780

793 Djon the Chopper (level 7, -4/62 HPs)
             Began as a Minotaur Berserker on Jan 10, 2024.
             Was a Priest of Trog.
             Killed from afar by Dowan (12 damage)
             ... with a shard of ice
             ... on level 5 of the Dungeon.
             The game lasted 00:04:03 (2937 turns).

Djon the Chopper (Minotaur Berserker)               Turns: 2937, Time: 00:04:04

Health: -4/62      AC: 11    Str: 22    XL:     7   Next: 57%
Magic:  6/6        EV: 12    Int:  4    God:    Trog [***...]
Gold:   163        SH:  0    Dex: 11    Spells: 6/6 levels left

rFire   . . .        A - +0 war axe
rCold   . . .        (no shield)
rNeg    . . .        p - +2 ring mail {rPois}
rPois   +            (helmet restricted)
rElec   .            t - +2 cloak {rPois}
rCorr   .            (no gloves)
SInv    .            (no boots)
Will    .....        (no amulet)
Stlth   +            (no ring)
HPRegen 0.30/turn    (no ring)
MPRegen 0.10/turn

%: no passive effects
@: on berserk cooldown, slowed, very slow
A: horns 2, retaliatory headbutt
a: Renounce Religion, Berserk, Trog's Hand


You were on level 5 of the Dungeon.
You worshipped Trog.
Trog was most pleased with you.
You visited 1 branch of the dungeon, and saw 5 of its levels.

You collected 163 gold pieces.

Inventory:

Hand Weapons
 s - a +3 quarterstaff of chaos
 A - a +0 war axe (weapon)
Armour
 p - a +2 ring mail of poison resistance (worn)
 t - a +2 cloak of poison resistance (worn)
Jewellery
 w - a ring of protection from cold
Wands
 u - a wand of roots (11)
 x - a wand of paralysis (8)
 y - a wand of flame (19)
Scrolls
 b - 5 scrolls of teleportation {unknown}
 f - 4 scrolls of identify {unknown}
 g - 2 scrolls of poison {unknown}
 k - a scroll of amnesia {unknown}
 m - 2 scrolls of enchant armour {unknown}
 n - 2 scrolls of fear {unknown}
 o - a scroll of vulnerability {unknown}
 r - a scroll of blinking {unknown}
Potions
 c - 5 potions of mutation {unknown}
 d - 2 potions of curing {unknown}
 e - 4 potions of haste {unknown}
 h - 2 potions of magic {unknown}
 i - a potion of ambrosia {unknown}
 j - a potion of heal wounds {unknown}
 l - 2 potions of might {unknown}
 q - a potion of invisibility {unknown}
 v - 2 potions of brilliance {unknown}
 z - a potion of flight {unknown}


   Skills:
 + Level 5.7 Fighting
 * Level 7.5 Axes
 + Level 5.0 Armour
 + Level 4.6 Dodging


You had 6 spell levels left.
You didn't know any spells.
Your spell library was empty.

Dungeon Overview and Level Annotations

Branches:
Dungeon (5/15)             Temple (0/1) D:4

Altars:
Okawaru
Sif Muna
The Shining One

Annotations:
D:5 Dowan


Innate Abilities, Weirdness & Mutations

You have a pair of horns on your head.
You reflexively headbutt those who attack you in melee.


Message History

The shard of ice hits you!
* * * LOW HITPOINT WARNING * * *
The hound completely misses you.
You slice the hound!!
You kill the hound!
Trog accepts your kill.
You closely miss Dowan. Dowan hits you but does no damage.
Your Armour skill increases to level 5!
You slash Dowan!
Dowan is heavily wounded.
Dowan hits you but does no damage.
You slash Dowan! Your headbutt misses Dowan.
Dowan is almost dead.
You miss the ufetubus.
Dowan mumbles some strange words.
Dowan blinks!
The ufetubus closely misses you. x2
You slash the orc!
You kill the orc!
Trog accepts your kill.
You miss the ufetubus.
The ufetubus hits you but does no damage.
The ufetubus closely misses you.
Dowan mumbles some strange words.
Dowan blinks!
The ufetubus closely misses you. You furiously retaliate!
You headbutt the ufetubus!
You kill the ufetubus!
Trog accepts your kill.
Dowan says, "Her death will not be in vain!"
You feel a strong urge to attack something.
You feel your anger nearly subside.
You are no longer berserk.
You are exhausted.
You feel yourself slow down.
Aiming: Paralyse
Press: ? - help, Shift-Dir - straight line, f - Dowan
Aim: Dowan, wielding a +0 vampiric dagger and wearing a +2 robe of cold resistance (almost dead, fast, chance to affect: 49%) Dowan resists with some effort.
Okay, then.
Dowan points at you and mumbles some strange words.
The shard of ice hits you!
You die...

....... ##.......##..
..=.... #........##.#
).e(... ##........#..#
....... #...........##
......)####..........##
.....ยง).##...........#
......#.##...........#
..... #e.............#
.... #@............##
....................#
...?.####...........#
.... ##..........# ###
########.### ##


You could see Dowan (fast).

Vanquished Creatures
  Duvessa (D:5)
  4 hounds
  An orc priest (D:5)
  Crazy Yiuf (D:2)
  A gnoll bouda (D:5)
  A sleepcap (D:5)
  Natasha (twice) (D:3)
  Terence (D:2)
  Jessica (D:2)
  An iguana (D:5)
  4 orc wizards
  5 gnolls (D:5)
  6 adders
  An ufetubus (D:5)
  5 dart slugs
  15 orcs
  8 ball pythons
  8 endoplasms
  3 giant cockroaches
  6 goblins
  10 hobgoblins
  3 jackals (D:2)
  3 quokkas
  2 bats (D:1)
  5 frilled lizards
  6 kobolds
  6 rats
110 creatures vanquished.

Notes
Turn   | Place    | Note
-------+----------+-------------------------------------------
     0 | D:1      | Djon the Minotaur Berserker began the quest for the Orb.
     0 | D:1      | Reached XP level 1. HP: 19/19 MP: 0/0
    62 | D:1      | Reached XP level 2. HP: 23/27 MP: 1/1
    67 | D:1      | Reached skill level 4 in Axes
   473 | D:2      | Reached XP level 3. HP: 33/33 MP: 2/2
   569 | D:2      | Reached ** piety under Trog
   672 | D:2      | Found a shimmering blue altar of Sif Muna.
   672 | D:2      | Noticed Jessica
   677 | D:2      | Killed Jessica
   678 | D:2      | Reached XP level 4. HP: 40/40 MP: 3/3
   681 | D:2      | Noticed Terence
   693 | D:2      | Killed Terence
   694 | D:2      | Reached skill level 5 in Axes
   978 | D:2      | Found a runed translucent door.
   979 | D:2      | Noticed Crazy Yiuf
   986 | D:2      | Killed Crazy Yiuf
   987 | D:2      | Reached XP level 5. HP: 47/47 MP: 4/4
  1104 | D:3      | Found a faded altar of an unknown god.
  1112 | D:3      | Noticed Natasha
  1123 | D:3      | Killed Natasha
  1357 | D:3      | Noticed Natasha
  1361 | D:3      | Killed Natasha
  1650 | D:4      | Found a staircase to the Ecumenical Temple.
  1657 | D:4      | Reached XP level 6. HP: 52/55 MP: 5/5
  1666 | D:4      | Reached *** piety under Trog
  1762 | D:4      | Reached skill level 6 in Axes
  1811 | D:4      | Reached skill level 5 in Fighting
  1994 | D:5      | Entered Level 5 of the Dungeon
  2252 | D:5      | Reached XP level 7. HP: 61/61 MP: 6/6
  2339 | D:5      | Found a glowing golden altar of the Shining One.
  2341 | D:5      | Found an iron altar of Okawaru.
  2633 | D:5      | Reached skill level 7 in Axes
  2918 | D:5      | Noticed Duvessa
  2918 | D:5      | Noticed Dowan
  2927 | D:5      | Killed Duvessa
  2929 | D:5      | Reached skill level 5 in Armour
  2937 | D:5      | Killed from afar by Dowan

Illustrated notes

Levels and vault maps discovered:
D:1:      matt_arrival_los_fun, layout_rooms
D:2:      layout_rooms, basic_altar, uniq_terence, uniq_jessica,
          uniq_crazy_yiuf_cottage
D:3:      layout_rooms, basic_ecumenical_altar, minivault_27, uniq_natasha
D:4:      layout_gridville, minmay_temple_entry_glass
D:5:      layout_cave_pods, mainiacjoe_overflow_catwalk_spiral, uniq_duvessa

Skill      XL: |  1  2  3  4  5  6  7 |
---------------+----------------------+-----
Axes           | 4 5 6 7 |  7.5
Fighting       | 4 5 |  5.7
Armour         | 3 4 5 |  5.0
Dodging        | 3 4 |  4.6

Action                     |  1- 3 |  4- 6 |  7- 9 || total
---------------------------+-------+-------+-------++-------
  Melee: Hand axe          |    64 |   147 |    35 ||   246
         Headbutt          |     8 |    22 |    13 ||    43
         Punch             |       |     1 |     1 ||     2
         War axe           |       |       |     9 ||     9
 Invoke: Berserk           |       |     2 |     2 ||     4
  Evoke: Wand              |       |       |     1 ||     1
 Armour: Animal skin       |     4 |       |       ||     4
         Scale mail        |    12 |       |       ||    12
         Chain mail        |     3 |     8 |       ||    11
         Ring mail         |       |    69 |    15 ||    84
  Dodge: Dodged            |    44 |    80 |    29 ||   153
